 Dungeon Crawl Stone Soup version 0.31-a0-152-g6aa68a64a1 (webtiles) character file.

Game seed: 1213686326938241844

42 qw the Shooter (level 3, -2/22 HPs)
             Began as a Gargoyle Hunter on June 11, 2023.
             Slain by a steam dragon (5 damage)
             ... on level 3 of the Dungeon.
             The game lasted 00:00:34 (955 turns).

qw the Shooter (Gargoyle Hunter)                     Turns: 955, Time: 00:00:35

Health: -2/22      AC:  9    Str: 14    XL:     3   Next: 54%
Magic:  3/3        EV: 10    Int:  9    God:
Gold:   122        SH:  0    Dex: 15    Spells: 2/2 levels left

rFire   + . .        Y - +0 shortbow
rCold   + . .        (shield currently unavailable)
rNeg    + . .        k - +0 ring mail
rPois   inf          (no helmet)
rElec   +            f - scarf {rC+ rF+}
rCorr   .            (no gloves)
SInv    .            d - +0 pair of boots
Will    .....        (no amulet)
Stlth   +            (no ring)
HPRegen 0.23/turn    (no ring)
MPRegen 0.08/turn

%: no passive effects
@: mighty
A: sickness immunity, AC +3, negative energy resistance 1, electricity
resistance, torment resistance 1, petrification resistance
a: no special abilities


You were on level 3 of the Dungeon.
You visited 1 branch of the dungeon, and saw 3 of its levels.

You collected 122 gold pieces.


Innate Abilities, Weirdness & Mutations

You are immune to sickness and miasma.
Your stone body is resilient. (AC +3)
You are immune to poison.
You resist negative energy. (rN+)
You are resistant to electric shocks. (rElec)
You are resistant to unholy torment.
You are immune to petrification.


   Skills:
 - Level 2.5 Fighting
 - Level 5.0 Ranged Weapons
 + Level 0.4 Armour
 - Level 1.5 Dodging
 - Level 1.1 Stealth


You had 2 spell levels left.
You didn't know any spells.
Your spell library was empty.

Inventory:

Hand Weapons
 Y - a +0 shortbow (weapon)
Armour
 d - a +0 pair of boots (worn)
 f - a scarf of resistance (worn)
 k - a +0 ring mail (worn)
Scrolls
 j - a scroll of identify
Potions
 a - a potion of might
 b - a potion of haste
 h - a potion of lignification
 i - a potion of degeneration {unknown}

Dungeon Overview and Level Annotations

Branches:
Dungeon (3/15)

Altars:

Shops:
D:2 [


Message History

The arrow closely misses the steam dragon.
You shoot an arrow.
The arrow closely misses the steam dragon.
You shoot an arrow.
The arrow hits the steam dragon but does no damage.
The steam dragon is lightly wounded.
The steam dragon breathes steam at you. The ball of steam hits you. You resist.
You hear a shout!
You shoot an arrow.
The arrow hits the steam dragon but does no damage.
The steam dragon is lightly wounded.
You feel a little less clever now.
You shoot an arrow. The arrow hits the steam dragon.
The steam dragon is moderately wounded.
The steam dragon completely misses you. The steam dragon claws you.
The steam dragon closely misses you. The steam dragon barely misses you.
You shoot an arrow. The arrow hits the steam dragon.
The steam dragon is heavily wounded.
The steam dragon bites you. The steam dragon barely misses you.
You shoot an arrow. The arrow hits the steam dragon.
The steam dragon is heavily wounded.
The steam dragon bites you. The steam dragon claws you.
You shoot an arrow.
The arrow closely misses the steam dragon.
The steam dragon breathes steam at you. The ball of steam hits you. You resist.
You shoot an arrow. The arrow hits the steam dragon.
The steam dragon is heavily wounded.
You hear an angry hiss.
The steam dragon bites you.
The steam dragon claws you but does no damage.
A goblin comes into view. It is wielding a +0 club.
The steam dragon bites you but does no damage.
The steam dragon claws you but does no damage.
You shoot an arrow. The arrow hits the steam dragon.
The steam dragon is severely wounded.
A ball python comes into view.
The steam dragon bites you.
You die...

... .# .....#
#.....# ..#...#
...?#.# #.
S.....# #.
#####Dg.#
#.#######...@.#
#...##.%..#####
##...#.####
##......#
#.......#
##.....##
##...## ##.##
#.#


You could see a steam dragon (catching breath), a goblin and a ball python.

Vanquished Creatures
  A worm (D:2)
  A bat (D:1)
  2 endoplasms (D:1)
  3 giant cockroaches
  5 goblins
  4 hobgoblins
  4 jackals (D:2)
  2 kobolds (D:2)
  A quokka (D:2)
  4 ball pythons
  4 frilled lizards
  3 rats (D:2)
34 creatures vanquished.

Notes
Turn   | Place    | Note
-------+----------+-------------------------------------------
     0 | D:1      | qw the Gargoyle Hunter began the quest for the Orb.
     0 | D:1      | Reached XP level 1. HP: 12/12 MP: 1/1
     0 | D:1      | 0 ||| qw: Version: 0.2-a-29-gd901d54
     0 | D:1      | 0 ||| qw: Game counter: 4023
     0 | D:1      | 0 ||| qw: Always use a shield: true
     0 | D:1      | 0 ||| qw: God list: Okawaru
     0 | D:1      | 0 ||| qw: Allow faded altars: false
     0 | D:1      | 0 ||| qw: Do Orc after D:15 true
     0 | D:1      | 0 ||| qw: Do second Lair branch before Depths: true
     0 | D:1      | 0 ||| qw: Lair rune preference: random
     0 | D:1      | 0 ||| qw: Plans: Normal, Zot:1-4, Slime:5, God:TSO, Crypt,
                  | Tomb, Abyss, Pan, Hells, Win
     0 | D:1      | 0 ||| PLANNING D:1-11
   103 | D:1      | Reached XP level 2. HP: 17/17 MP: 2/2
   247 | D:1      | Found a faded altar of an unknown god.
   445 | D:1      | 445 ||| UPGRADING to +0 pair of boots.
   450 | D:1      | 450 ||| UPGRADING to scarf of resistance.
   455 | D:1      | 455 ||| READING scroll labelled TUJAAN VIHE.
   456 | D:1      | 456 ||| READING 2 scrolls labelled HAIMUE WUTET.
   457 | D:1      | 457 ||| DROPPING scroll of butterflies.
   545 | D:2      | Reached XP level 3. HP: 21/21 MP: 3/3
   582 | D:2      | Reached skill level 5 in Ranged Weapons
   587 | D:2      | Found Toconav's Armour Shoppe.
   595 | D:2      | 595 ||| SHOPLISTING +0 leather armour of Unreason {Will+++
                  | Str-2 Dex-3} (265 gold, have 96).
   866 | D:2      | 866 ||| UPGRADING to +0 ring mail.
   876 | D:2      | 876 ||| DROPPING +0 leather armour.
   877 | D:2      | 877 ||| READING scroll labelled UJEFIARIESCH.
   878 | D:2      | 878 ||| DRINKING 2 clear potions.
   879 | D:2      | 879 ||| DRINKING 2 pink potions.
   880 | D:2      | 880 ||| DRINKING 2 dark potions.
   881 | D:2      | 881 ||| READING 2 scrolls of identify.
   881 | D:2      | 881 ||| IDENTIFYING fuming cyan potion
   882 | D:2      | 882 ||| DROPPING potion of brilliance.
   944 | D:3      | Noticed a steam dragon
   954 | D:3      | HP: 3/22 [steam dragon (4)]
   955 | D:3      | Slain by a steam dragon

Levels and vault maps discovered:
D:1:      onia_arrival_mini_spirals, layout_basic,
          dreamdust_ecumenical_altar_hidden_monk_grotto
D:2:      cheibrodos_old_hovel, layout_rooms, serial_shops, shop
D:3:      layout_loops_ring, serial_shops, shop, minmay_misc_feat_more_columns,
          nicolae_figureground_pulse

Skill      XL: |  1  2  3 |
---------------+----------+-----
Ranged Weapons | 5 |  5.0
Fighting       | |  2.5
Armour         | |  0.4
Dodging        | |  1.5
Stealth        | |  1.1

Action                     || total
---------------------------++-------
   Fire: Shortbow          ||   119
    Use: Scroll            ||     4
         Potion            ||     3
 Armour: Leather armour    ||    16
         Ring mail         ||     4
  Dodge: Dodged            ||    39

Table legend:
 A = Non-vault XP
 B = Vault XP
 C = Vault XP percentage of total XP
 D = Non-vault monster count
 E = Vault monster count
 F = Vault count percentage of total count
                 A         B        C        D         E       F
            +---------+---------+-------+---------+---------+-------
      Total |      59 |       1 |   1.7 |      33 |       1 |   2.9
            +---------+---------+-------+---------+---------+-------
        D:1 |      19 |       0 |   0.0 |      12 |       0 |   0.0
        D:2 |      34 |       1 |   2.9 |      18 |       1 |   5.3
        D:3 |       6 |       0 |   0.0 |       3 |       0 |   0.0
            +---------+---------+-------+---------+---------+-------
